 Dungeon Crawl Stone Soup version 0.23-a0-389-g4a5eb33 (webtiles) character file.

4512 rabbit the Thaumaturge (level 10, -4/74 HPs)
             Began as a Gnoll Wizard on Oct 29, 2018.
             Was a Follower of Vehumet.
             Shot with an arrow by a centaur warrior (16 damage)
             ... on level 8 of the Dungeon.
             The game lasted 00:50:47 (14746 turns).

rabbit the Thaumaturge (Gnoll Wizard)              Turns: 14746, Time: 00:50:47

Health: -4/74      AC:  4    Str: 10    XL:     10   Next: 39%
Magic:  29/31      EV: 16    Int: 24    God:    Vehumet [*.....]
Gold:   424        SH:  0    Dex: 13    Spells: 15/26 levels left

rFire    . . .     SeeInvis +   a - +7 Screaming Sword {slice, sonic wave}
rCold    . . .     Gourm    +   (no shield)
rNeg     . . .     Faith    .   c - +0 robe
rPois    .         Spirit   .   i - +0 hat
rElec    .         Reflect  .   f - +0 cloak
rCorr    .         Harm     .   k - +0 pair of gloves
MR       .....                  (no boots)
Stlth    +++.......             x - amulet of the gourmand
HPRegen  0.22/turn              l - ring of magical power
MPRegen  0.22/turn              F - ring of see invisible

@: no status effects
A: distributed training, fangs 1, strong nose
a: Renounce Religion


You were on level 8 of the Dungeon.
You worshipped Vehumet.
Vehumet was aware of your devotion.
You were full.

You visited 2 branches of the dungeon, and saw 9 of its levels.

You collected 424 gold pieces.

Inventory:

Hand Weapons
 a - the +7 Screaming Sword (weapon) {slice, sonic wave}
   (You found it on level 7 of the Dungeon)

   It inflicts extra damage upon your enemies.
 b - a +0 hunting sling
 D - a +0 dagger
Missiles
 h - 170 stones (quivered)
 r - 56 bolts
 t - a throwing net
Armour
 c - a +0 robe (worn)
 f - a +0 cloak (worn)
 i - a +0 hat (worn)
 k - a +0 pair of gloves (worn)
Jewellery
 l - a ring of magical power (left hand)
 x - an amulet of the gourmand (around neck)
 F - a ring of see invisible (right hand)
Wands
 v - a wand of polymorph (1)
 B - a wand of scattershot (7)
 C - a wand of paralysis (6)
Scrolls
 e - 6 scrolls of remove curse
 g - 3 scrolls of teleportation
 n - 4 scrolls of identify
 p - 3 scrolls of enchant weapon {unknown}
 s - 2 scrolls of magic mapping {unknown}
 y - 2 scrolls of amnesia {unknown}
 A - a scroll of noise {unknown}
 G - a scroll of blinking {unknown}
Potions
 j - 2 potions of degeneration {unknown}
 m - a potion of haste {unknown}
 o - 3 potions of curing
 q - a potion of mutation {unknown}
 u - a potion of heal wounds {unknown}
 w - a potion of invisibility {unknown}
 z - a potion of might
 E - a potion of brilliance {unknown}
Comestibles
 d - 8 rations


   Skills:
 + Level 5.1 Fighting
 + Level 5.1 Short Blades
 + Level 5.1 Long Blades
 + Level 5.1 Axes
 + Level 5.1 Maces & Flails
 + Level 5.1 Polearms
 + Level 5.1 Staves
 + Level 5.1 Slings
 + Level 5.1 Bows
 + Level 5.1 Crossbows
 + Level 5.1 Throwing
 + Level 5.1 Armour
 + Level 7.0 Dodging
 + Level 6.7 Stealth
 + Level 5.1 Shields
 + Level 5.1 Unarmed Combat
 + Level 8.9 Spellcasting
 + Level 4.8 Conjurations
 + Level 4.2 Hexes
 + Level 4.2 Charms
 + Level 4.8 Summonings
 + Level 4.2 Necromancy
 + Level 4.8 Translocations
 + Level 4.2 Transmutations
 + Level 4.2 Fire Magic
 + Level 4.2 Ice Magic
 + Level 4.2 Air Magic
 + Level 4.2 Earth Magic
 + Level 4.2 Poison Magic
 + Level 5.6 Invocations
 + Level 5.1 Evocations


You had 15 spell levels left.
You knew the following spells:

 Your Spells              Type           Power        Failure   Level  Hunger
a - Magic Dart            Conj           ####         1%          1    None
b - Blink                 Tloc           N/A          1%          2    None
c - Conjure Flame         Conj/Fire      ####....     2%          3    None
d - Mephitic Cloud        Conj/Pois/Air  ####....     2%          3    None
e - Call Imp              Summ           ####....     1%          2    None

Your spell library contained the following spells:

 Spells                   Type           Power        Failure   Level  Hunger
 Freeze                   Ice            ####         1%          1    None
 Animate Skeleton         Necr           N/A          1%          1    None
 Apportation              Tloc           ####..       1%          1    None
 Confusing Touch          Hex            ####..       1%          1    None
 Summon Small Mammal      Summ           ####         1%          1    None
 Slow                     Hex            ####....     1%          2    None


Dungeon Overview and Level Annotations

Branches:
Dungeon (8/15)             Temple (1/1) D:6
   Lair: D:8-11

Altars:
Kikubaaqudgha
Nemelex Xobeh
Sif Muna
Trog
Vehumet
Wu Jian
Xom
Yredelemnul

Shops:
D:6 *

Annotations:
D:3 2 transporters
D:4 Grinder
D:6 digging ?


Innate Abilities, Weirdness & Mutations

Your experience applies equally to all skills.
You have very sharp teeth.
Your uncanny sense of smell can sniff out nearby items.


Message History

The centaur warrior shoots an arrow.
The arrow hits you!
The centaur warrior shoots an arrow.
The arrow hits you!
You see here 2 arrows.
Casting: Mephitic Cloud (safe; 2% risk of failure)
Confirm with . or Enter, or press ? or * to list all spells.
Aiming: Mephitic Cloud (safe; 2% risk of failure)
Press: ? - help, Shift-Dir - straight line, f - centaur warrior
Aim: a centaur warrior, wielding a +0 shortbow The ball explodes into a vile cloud!
The stinking cloud engulfs the centaur warrior.
The centaur warrior is engulfed in noxious fumes.
The centaur warrior appears confused.
The centaur warrior grins madly.
The centaur warrior seems less confused.
The centaur warrior shoots an arrow.
The arrow closely misses you.
The centaur warrior shoots an arrow.
The arrow hits you!!
* * * LOW HITPOINT WARNING * * *
You see here 2 arrows.
The centaur warrior shoots an arrow.
The arrow hits you!
You die...

......##..#.....####...##
..## ##.##.##..##......#
## #..####...........# .#
#..## ##..........## #..#
#...####..###.....># ##
.#.#.........#.......##
.## #.......##.##......#
#.# #.....#.#.##...#####
..#..#.....#.#..@<..##
..#..#...#.#....(.)..#
.#.##......#..<......#
##.##................###
# ###.......##.........#
#.......#.........## #
#....c..(....#...## ##
##.......#...(##.##
.#.##......##..######


You could see a centaur warrior.

Vanquished Creatures
  A shadow (D:8)
  2 wyverns
  Sigmund (D:4)
  3 water moccasins
  3 ice beasts
  3 orc warriors
  3 ogres
  A sky beast (D:6)
  4 phantoms
  Blork the orc (D:5)
  7 bullfrogs
  6 scorpions
  6 killer bees
  5 crimson imps
  A quasit (D:8)
  Crazy Yiuf (D:4)
  A bullfrog zombie (D:8)
  2 orc priests (D:6)
  A bullfrog skeleton (D:5)
  2 centaur zombies
  3 hounds
  3 jellies
  Ijyb (D:5)
  3 orc wizards
  6 worker ants
  A worker ant zombie (D:6)
  4 gnolls
  17 adders
  A shadow imp (D:7)
  An adder skeleton (D:6)
  4 worms
  A dart slug (D:1)
  6 leopard geckos
  14 orcs
  5 ball pythons
  A giant cockroach (D:6)
  8 goblins
  11 hobgoblins
  17 jackals
  13 kobolds
  2 quokkas
  14 bats
  4 frilled lizards (D:3)
  2 leopard gecko skeletons (D:4)
  A quokka skeleton (D:8)
  A quokka zombie (D:6)
  6 rats
204 creatures vanquished.

Vanquished Creatures (collateral kills)
  A centaur (D:8)
1 creature vanquished.

Vanquished Creatures (others)
  11 fungi (D:7)
  A plant (D:6)
12 creatures vanquished.

Grand Total: 217 creatures vanquished

Notes
Turn   | Place    | Note
-------+----------+-------------------------------------------
     0 | D:1      | rabbit the Gnoll Wizard began the quest for the Orb.
     0 | D:1      | Reached XP level 1. HP: 13/13 MP: 8/8
   185 | D:1      | Reached XP level 2. HP: 19/19 MP: 10/10
   448 | D:1      | Learned a level 2 spell: Blink
   553 | D:1      | Reached XP level 3. HP: 25/25 MP: 11/11
   558 | D:1      | Learned a level 3 spell: Conjure Flame
   562 | D:1      | Learned a level 3 spell: Mephitic Cloud
  1290 | D:2      | Reached skill level 1 in Invocations
  1682 | D:2      | Reached skill level 1 in Fighting
  1682 | D:2      | Reached skill level 1 in Short Blades
  1682 | D:2      | Reached skill level 1 in Long Blades
  1682 | D:2      | Reached skill level 1 in Axes
  1682 | D:2      | Reached skill level 1 in Maces & Flails
  1682 | D:2      | Reached skill level 1 in Polearms
  1682 | D:2      | Reached skill level 1 in Staves
  1682 | D:2      | Reached skill level 1 in Slings
  1682 | D:2      | Reached skill level 1 in Bows
  1682 | D:2      | Reached skill level 1 in Crossbows
  1682 | D:2      | Reached skill level 1 in Throwing
  1682 | D:2      | Reached skill level 1 in Armour
  1682 | D:2      | Reached skill level 1 in Shields
  1682 | D:2      | Reached skill level 1 in Unarmed Combat
  1682 | D:2      | Reached skill level 1 in Evocations
  2018 | D:2      | Found a deep blue altar of Sif Muna.
  2037 | D:2      | Reached XP level 4. HP: 32/32 MP: 13/13
  2479 | D:2      | Reached skill level 1 in Hexes
  2479 | D:2      | Reached skill level 1 in Charms
  2479 | D:2      | Reached skill level 1 in Necromancy
  2479 | D:2      | Reached skill level 1 in Transmutations
  2479 | D:2      | Reached skill level 1 in Fire Magic
  2479 | D:2      | Reached skill level 1 in Ice Magic
  2479 | D:2      | Reached skill level 1 in Air Magic
  2479 | D:2      | Reached skill level 1 in Earth Magic
  2479 | D:2      | Reached skill level 1 in Poison Magic
  2584 | D:3      | Found a transporter.
  2649 | D:3      | Found a transporter.
  2680 | D:3      | Reached XP level 5. HP: 37/37 MP: 14/14
  3259 | D:4      | Noticed an ogre
  3381 | D:4      | Noticed an ice beast
  3602 | D:3      | Learned a level 2 spell: Call Imp
  3686 | D:3      | Killed an ogre
  3686 | D:3      | Reached XP level 6. HP: 15/44 MP: 16/16
  3904 | D:3      | Reached skill level 5 in Dodging
  4120 | D:4      | Noticed a phantom
  4224 | D:4      | Killed a phantom
  4471 | D:4      | Noticed Sigmund
  4489 | D:4      | Killed Sigmund
  4489 | D:4      | Reached XP level 7. HP: 46/51 MP: 18/18
  4756 | D:4      | Reached skill level 5 in Stealth
  5348 | D:4      | Reached XP level 8. HP: 57/57 MP: 14/19
  5429 | D:4      | Found a runed door.
  5598 | D:4      | Noticed Crazy Yiuf
  5602 | D:4      | Killed Crazy Yiuf
  5636 | D:5      | Entered Level 5 of the Dungeon
  5636 | D:5      | Noticed Grinder
  5640 | D:5      | Paralysed by Grinder for 6 turns
  6127 | D:5      | Noticed Ijyb
  6178 | D:5      | Killed Ijyb
  6700 | D:5      | Reached skill level 8 in Spellcasting
  7152 | D:5      | Noticed Blork the orc
  7174 | D:5      | Killed Blork the orc
  7590 | D:6      | Reached XP level 9. HP: 65/65 MP: 21/21
  9860 | D:6      | Found Etzom's General Store.
  9919 | D:6      | Found a staircase to the Ecumenical Temple.
  9925 | Temple   | Entered the Ecumenical Temple
  9935 | Temple   | Became a worshipper of Vehumet
 11621 | D:6      | Reached skill level 5 in Invocations
 11852 | D:6      | HP: 3/66 [poisoned by a killer bee]
 11859 | D:6      | HP: 3/66 [poisoned by a killer bee]
 11867 | D:6      | HP: 2/66 [poisoned by a killer bee]
 12501 | D:7      | Found the +7 Singing Sword {slice, sonic wave}
 12874 | D:8      | Reached XP level 10. HP: 67/73 MP: 22/22
 12908 | D:8      | Reached * piety under Vehumet
 12908 | D:8      | Offered knowledge of Freeze by Vehumet.
 13045 | D:8      | Noticed a centaur warrior
 13594 | D:8      | Reached skill level 5 in Fighting
 13594 | D:8      | Reached skill level 5 in Short Blades
 13594 | D:8      | Reached skill level 5 in Long Blades
 13594 | D:8      | Reached skill level 5 in Axes
 13594 | D:8      | Reached skill level 5 in Maces & Flails
 13594 | D:8      | Reached skill level 5 in Polearms
 13594 | D:8      | Reached skill level 5 in Staves
 13594 | D:8      | Reached skill level 5 in Slings
 13594 | D:8      | Reached skill level 5 in Bows
 13594 | D:8      | Reached skill level 5 in Crossbows
 13594 | D:8      | Reached skill level 5 in Throwing
 13594 | D:8      | Reached skill level 5 in Armour
 13594 | D:8      | Reached skill level 5 in Shields
 13594 | D:8      | Reached skill level 5 in Unarmed Combat
 13594 | D:8      | Reached skill level 5 in Evocations
 14060 | D:8      | Found a bloodstained altar of Trog.
 14072 | D:8      | Found an ancient bone altar of Kikubaaqudgha.
 14746 | D:8      | Shot with an arrow by a centaur warrior

Vault maps used:
D:1:      dpeg_arrival_tiny_k
D:2:      first_ration, led_sif_pool
D:3:      gammafunk_steamed_eel
D:4:      uniq_sigmund, uniq_crazy_yiuf_cottage
D:5:      uniq_blork_the_orc, uniq_grinder, uniq_ijyb
D:6:      corexii_shack_village, minmay_temple_entry_enclosed_plants,
          serial_shops, nicolae_shop_waterfront, kennysheep_donut
D:7:      old_forge, grunt_decor_arrowhead
D:8:      minmay_ornate_pinched, amethyst_overflow_temple_binary, serial_shops,
          shop
Temple:   regret_index_temple_chain_breaker

Skill      XL: |  1  2  3  4  5  6  7  8  9 10 |
---------------+-------------------------------+-----
Conjurations   | 2 3 4 |  4.8
Summonings     | 2 3 4 |  4.8
Translocations | 2 3 4 |  4.8
Invocations    | 1 2 3 4 5 |  5.6
Fighting       | 1 2 3 4 5 |  5.1
Short Blades   | 1 2 3 4 5 |  5.1
Long Blades    | 1 2 3 4 5 |  5.1
Axes           | 1 2 3 4 5 |  5.1
Maces & Flails | 1 2 3 4 5 |  5.1
Polearms       | 1 2 3 4 5 |  5.1
Staves         | 1 2 3 4 5 |  5.1
Slings         | 1 2 3 4 5 |  5.1
Bows           | 1 2 3 4 5 |  5.1
Crossbows      | 1 2 3 4 5 |  5.1
Throwing       | 1 2 3 4 5 |  5.1
Armour         | 1 2 3 4 5 |  5.1
Shields        | 1 2 3 4 5 |  5.1
Unarmed Combat | 1 2 3 4 5 |  5.1
Evocations     | 1 2 3 4 5 |  5.1
Hexes          | 1 2 3 4 |  4.2
Charms         | 1 2 3 4 |  4.2
Necromancy     | 1 2 3 4 |  4.2
Transmutations | 1 2 3 4 |  4.2
Fire Magic     | 1 2 3 4 |  4.2
Ice Magic      | 1 2 3 4 |  4.2
Air Magic      | 1 2 3 4 |  4.2
Earth Magic    | 1 2 3 4 |  4.2
Poison Magic   | 1 2 3 4 |  4.2
Dodging        | 5 6 7 |  7.0
Stealth        | 5 6 |  6.7
Spellcasting   | 8 |  8.9

Action                   |  1- 3 |  4- 6 |  7- 9 | 10-12 || total
-------------------------+-------+-------+-------+-------++-------
Melee: Dagger            |    28 |    19 |    61 |       ||   108
       Bite              |     2 |     2 |    14 |     2 ||    20
       Double sword      |       |       |    19 |    29 ||    48
       Punch             |       |       |       |     3 ||     3
 Fire: Hunting sling     |       |    20 |    26 |    37 ||    83
 Cast: Magic Dart        |    84 |   146 |   480 |    49 ||   759
       Conjure Flame     |       |     2 |    14 |     3 ||    19
       Blink             |       |     1 |    10 |     1 ||    12
       Mephitic Cloud    |       |     1 |     3 |     6 ||    10
       Call Imp          |       |       |     2 |     1 ||     3
  Use: Scroll            |     2 |     1 |     1 |       ||     4
       Potion            |       |       |     1 |       ||     1
 Stab: Sleeping          |     6 |     1 |     9 |       ||    16
       Confused          |       |     1 |       |     1 ||     2
  Eat: Chunk             |     3 |     3 |    26 |     6 ||    38
       Ration            |       |     1 |     2 |       ||     3
Armor: Robe              |    10 |    15 |    43 |     6 ||    74
Dodge: Dodged            |    31 |    40 |   253 |    45 ||   369
       Rpst.: Double sword |       |       |     3 |     9 ||    12

Table legend:
 A = Non-vault XP
 B = Vault XP
 C = Vault XP percentage of total XP
 D = Non-vault monster count
 E = Vault monster count
 F = Vault count percentage of total count
                 A         B        C        D         E       F
            +---------+---------+-------+---------+---------+-------
      Total |    4361 |    2086 |  32.4 |     166 |      39 |  19.0
            +---------+---------+-------+---------+---------+-------
        D:1 |      54 |       0 |   0.0 |      30 |       0 |   0.0
        D:2 |      79 |       0 |   0.0 |      20 |       0 |   0.0
        D:3 |     429 |       0 |   0.0 |      22 |       0 |   0.0
        D:4 |     726 |     252 |  25.8 |      21 |       2 |   8.7
        D:5 |     555 |     128 |  18.7 |      14 |       3 |  17.6
        D:6 |    1531 |      15 |   1.0 |      37 |       8 |  17.8
        D:7 |     430 |     616 |  58.9 |      13 |      16 |  55.2
        D:8 |     557 |    1075 |  65.9 |       9 |      10 |  52.6
            +---------+---------+-------+---------+---------+-------
